 Dungeon Crawl Stone Soup version 0.13.1-27-ga479965 (console) character file.

1487 distort the Gouger (level 8, -6/39 HPs)
             Began as a Felid Berserker on Feb 7, 2014.
             Was a High Priest of Trog.
             Mangled by Harold
             ... wielding a +0,+2 glaive
              (15 damage)
             ... on Level 10 of the Dungeon.
             The game lasted 00:29:22 (3129 turns).

distort the Gouger (Felid Berserker)                Turns: 3129, Time: 00:29:22

HP  -6/39        AC  2     Str 13      XL: 8   Next: 17%
MP  12/12        EV 25     Int  9      God: Trog [*****.]
Gold 319         SH  0     Dex 17      Spells:  0 memorised,  7 levels left
Lives: 0, deaths: 2

Res.Fire  : . . .   See Invis. : +     - Unarmed
Res.Cold  : . . .   Warding    : .   (armour unavailable)
Life Prot.: . . .   Conserve   : .   (shield unavailable)
Res.Poison: .       Res.Corr.  : .   (helmet unavailable)
Res.Elec. : .       Clarity    : .   (cloak unavailable)
Sust.Abil.: . .     Spirit.Shd : .   (gloves unavailable)
Res.Mut.  : .       Stasis     : .   (boots unavailable)
Res.Rott. : .       Flight     : .   x - amulet of faith
Saprovore : . . .                    (no ring)
                                     d - +2 ring of evasion

@: regenerating, quick, very resistant to hostile enchantments, very stealthy
A: paw claws, no armour, no advanced items, fangs 3, see invisible, carnivore 3,
speed 1, slow metabolism 1, AC +2
a: Burn Spellbooks, Berserk, Trog's Hand, Brothers in Arms, Renounce Religion


You were on level 10 of the Dungeon.
You worshipped Trog.
Trog was extremely pleased with you.
You were not hungry.

You visited 1 branch of the dungeon, and saw 10 of its levels.

You collected 379 gold pieces.
You spent 80 gold pieces at shops.

Inventory:

Scrolls
 c - a scroll of enchant weapon II {unknown}
 f - a scroll of amnesia {unknown}
 i - a scroll of curse weapon {unknown}
 k - a scroll of magic mapping {unknown}
 n - 2 scrolls of noise {unknown}
 p - 5 scrolls of teleportation
 s - a scroll of curse armour {unknown}
 u - 2 scrolls of enchant armour {unknown}
 y - a scroll of recharging {unknown}
 z - a scroll of immolation {unknown}
Jewellery
 d - a +2 ring of evasion (left paw)
 x - an amulet of faith (around neck)
Potions
 a - 2 potions of speed {unknown}
 b - a potion of brilliance
 g - 2 potions of might
 h - a potion of heal wounds
 j - a potion of curing
 r - 2 potions of invisibility
 v - a potion of resistance
Books
 l - a book of Unlife

   Spells                             Type                      Level
   Recall                             Summoning/Translocation      3
   Animate Dead                       Necromancy                   4
   Control Undead                     Necromancy                   4
   Twisted Resurrection               Necromancy                   5
   Death Channel                      Necromancy                   6
   Simulacrum                         Ice/Necromancy               6
   Trog disapproves of the use of such an item.


   Skills:
 * Level 8.1 Fighting
 + Level 7.8 Dodging
 + Level 7.0 Stealth
 * Level 8.2 Unarmed Combat


You had 7 spell levels left.
You didn't know any spells.

Dungeon Overview and Level Annotations

Branches:
Dungeon (10/27)            Temple (0/1) D:4
    Orc: D:6-11        Lair: D:8-13

Altars:
Fedhas
Makhleb

Shops:
D:4 [/*/

Portals:
Ziggurat: D:7 (3390 gp)
Trove: D:10 (give +4 ice dragon armour)

Annotations:
D:9 Joseph
D:10 Harold


Innate Abilities, Weirdness & Mutations

You cannot wear armour.
You are incapable of any advanced item manipulation.
Your paws have sharp claws.
You have razor-sharp teeth.
You have supernaturally acute eyesight.
You are carnivorous and can eat meat at any time.
You cover ground quickly.
You are covered in thick fur (AC +2).
You have a slow metabolism.


Message History

You scratch Harold but do no damage. Your punch misses Harold.
Harold is severely wounded.
Harold casts a spell.
Harold blinks!
Your skin stops crawling.
You feel less resistant to hostile enchantments.
Use which ability? (? or * to list) You're too exhausted to go berserk.
Harold hits you with a glaive!
* * * LOW HITPOINT WARNING * * *
Use which ability? (? or * to list)
Your skin crawls.
You feel resistant to hostile enchantments.
You feel slightly more hungry.
Harold casts a spell.
Harold blinks!
Harold is no longer bleeding.
You feel less exhausted. Harold hits you with a glaive!
You die...

. #...#...........
#...#...###..........
.#....##.# ##..#......
........#### ##..##....
.....#...#.####....#....
.##...........###........
...##..#........#........)
....#.....................
#...#...@@.....#)........
##.......#.#############..
###.#.....#### #..
#.........# #..
#.........## #..
.#........# ### #..
G........##...# #..
........>.<...# #..
..............# #..


You could see Harold.

Vanquished Creatures
  Pikel (D:6)
  Edmund (D:6)
  A hippogriff (D:7)
  Eustachio (D:7)
  A wraith (D:10)
  Menkaure (D:6)
  2 ice beasts
  2 sky beasts
  An orc warrior (D:7)
  An ogre (D:6)
  2 boring beetles (D:9)
  2 giant frogs (D:8)
  Blork the orc (D:7)
  2 orc priests (D:10)
  2 jellies
  An orc wizard (D:7)
  A scorpion (D:6)
  2 worker ants
  2 orange rats (D:8)
  Jessica (D:3)
  A mummy (D:9)
  8 adders
  A lemure (D:7)
  A shadow imp (D:8)
  3 green rats (D:8)
  2 worms
  19 grey rats (D:8)
  5 giant geckos
  An ooze (D:3)
  21 orcs
  7 goblins
  10 hobgoblins
  3 jackals (D:2)
  6 kobolds
  2 quokkas
  7 bats
  3 giant cockroaches
  A giant newt (D:4)
  A green rat zombie (D:8)
  3 grey rat zombies (D:8)
  A hobgoblin skeleton (D:7)
  An orc zombie (D:10)
  22 rats
  A rat zombie (D:8)
  8 ballistomycetes (D:7)
166 creatures vanquished.

Vanquished Creatures (others)
  A slave (D:6)
  A giant spore (D:7)
2 creatures vanquished.

Grand Total: 168 creatures vanquished

Notes
Turn   | Place    | Note
--------------------------------------------------------------
     0 | D:1      | distort, the Felid Berserker, began the quest for the Orb.
     0 | D:1      | Reached XP level 1. HP: 10/10 MP: 1/1
   115 | D:3      | Reached XP level 2. HP: 14/14 MP: 2/2
   292 | D:2      | Found a blossoming altar of Fedhas.
   297 | D:2      | Reached skill level 1 in Stealth
   386 | D:2      | Acquired Trog's second power
   423 | D:2      | Reached XP level 3. HP: 10/18 MP: 4/4
   597 | D:4      | Found a staircase to the Ecumenical Temple.
   618 | D:4      | Found Zajitegukh's Magical Wand Boutique.
   764 | D:3      | Noticed Jessica
   771 | D:3      | Killed Jessica
   771 | D:3      | Reached XP level 4. HP: 16/21 MP: 6/6
  1094 | D:4      | Found Ejuduodo's Magical Wand Shop.
  1097 | D:4      | Found Trad's General Store.
  1138 | D:4      | Noticed an ogre
  1179 | D:4      | Found Edghes' Armour Boutique.
  1225 | D:4      | Bought a potion of might for 25 gold pieces
  1225 | D:4      | Bought a potion of invisibility for 55 gold pieces
  1236 | D:5      | Entered Level 5 of the Dungeon
  1345 | D:6      | Noticed an ogre
  1353 | D:6      | Noticed a sky beast
  1364 | D:6      | Killed an ogre
  1364 | D:6      | Reached XP level 5. HP: 25/25 MP: 7/7
  1378 | D:6      | Noticed a slave
  1434 | D:6      | Noticed Menkaure
  1442 | D:6      | Killed Menkaure
  1442 | D:6      | Reached skill level 5 in Dodging
  1442 | D:6      | Gained mutation: You are covered in thick fur (AC +2). [growing up]
  1442 | D:6      | Reached XP level 6. HP: 27/29 MP: 9/9
  1523 | D:6      | Reached skill level 5 in Fighting
  1547 | D:6      | Reached skill level 5 in Unarmed Combat
  1588 | D:5      | Found a burning altar of Makhleb.
  1641 | D:6      | Noticed a slave
  1643 | D:6      | Noticed a slave
  1644 | D:6      | Noticed Pikel
  1647 | D:6      | Noticed a slave
  1655 | D:6      | Killed Pikel
  1655 | D:6      | Reached skill level 6 in Fighting
  1655 | D:6      | Reached XP level 7. HP: 22/33 MP: 11/11
  1689 | D:6      | Noticed Edmund
  1702 | D:7      | Noticed Eustachio
  1811 | D:7      | Reached XP level 8. HP: 28/37 MP: 12/12
  1919 | D:8      | Reached skill level 5 in Stealth
  2090 | D:7      | Found a gateway to a ziggurat.
  2090 | D:7      | Noticed Blork the orc
  2112 | D:7      | Killed Blork the orc
  2166 | D:6      | Killed from afar by Edmund
  2167 | D:6      | Reached XP level 7. HP: -2/34 MP: 11/11
  2173 | D:6      | Killed a sky beast
  2173 | D:6      | Reached skill level 7 in Fighting
  2213 | D:6      | Killed a freed slave
  2241 | D:6      | Killed Edmund
  2287 | D:7      | Acquired Trog's third power
  2471 | D:7      | Killed Eustachio
  2471 | D:7      | Reached XP level 8. HP: 38/38 MP: 12/12
  2908 | D:8      | You fall through a shaft!
  2908 | D:10     | Entered Level 10 of the Dungeon
  2934 | D:9      | Noticed Joseph
  2974 | D:10     | Found a portal to a secret trove of treasure.
  2979 | D:10     | Noticed Harold
  3006 | D:10     | Killed from afar by Harold
  3007 | D:10     | Reached XP level 7. HP: -8/51 MP: 11/11
  3040 | D:10     | Reached skill level 8 in Fighting
  3048 | D:10     | Reached XP level 8. HP: 39/39 MP: 12/12
  3129 | D:10     | Mangled by Harold

Action                   |  1- 3 |  4- 6 |  7- 9 || total
-------------------------+-------+-------+-------++-------
Melee: Unarmed           |   112 |    88 |   352 ||   552
Invok: Berserk           |     1 |     3 |     8 ||    12
       Trog's Hand       |       |     1 |    11 ||    12
  Use: Scroll            |       |       |    11 ||    11
 Stab: Sleeping          |       |     5 |     6 ||    11
       Distracted        |       |       |     1 ||     1
